 Dungeon Crawl Stone Soup version 0.31-a0-851-g7ff8af7976 (webtiles) character file.

Game seed: 25814475336589591

955 Darius099 the Grappler (level 7, -1/66 HPs)
             Began as a Troll Berserker on Oct 7, 2023.
             Was an Elder of Trog.
             Killed from afar by a white imp (7 damage)
             ... with a puff of frost
             ... on level 5 of the Dungeon.
             The game lasted 00:12:20 (3662 turns).

Darius099 the Grappler (Troll Berserker)            Turns: 3662, Time: 00:12:21

Health: -1/66      AC:  4    Str: 34    XL:     7   Next: 91%
Magic:  6/6        EV: 10    Int:  3    God:    Trog [****..]
Gold:   208        SH:  0    Dex:  9    Spells: 6/6 levels left

rFire   . .          .
                       - Unarmed
rCold   . . .        (no shield)
rNeg    + . .        l - +0 robe
rPois   .            (helmet restricted)
rElec   .            (no cloak)
rCorr   .            (gloves unavailable)
SInv    .            (boots unavailable)
Will    .....        (no amulet)
Stlth   +            j - ring of positive energy
HPRegen 1.11/turn    n - +6 ring of strength
MPRegen 0.10/turn

%: no passive effects
@: no status effects
A: large, unfitting armour, claws 3, regeneration 1, shaggy fur 1, tough skin 1
a: Renounce Religion, Berserk, Trog's Hand, Brothers in Arms


You were on level 5 of the Dungeon.
You worshipped Trog.
Trog was greatly pleased with you.
You visited 1 branch of the dungeon, and saw 5 of its levels.
You also visited: Sewer.

You collected 208 gold pieces.

Inventory:

Armour
 l - a +0 robe (worn)
Jewellery
 j - a ring of positive energy (left claw)
 n - a +6 ring of strength (right claw)
Wands
 q - a wand of paralysis (9)
 v - a wand of digging (4)
Scrolls
 a - 2 scrolls of torment {unknown}
 b - a scroll of fog {unknown}
 e - 2 scrolls of revelation {unknown}
 f - 6 scrolls of teleportation {unknown}
 h - a scroll of poison {unknown}
 k - 7 scrolls of identify {unknown}
 s - a scroll of brand weapon {unknown}
 w - a scroll of noise {unknown}
Potions
 c - 2 potions of heal wounds
 d - 3 potions of invisibility {unknown}
 g - 3 potions of haste {unknown}
 i - 4 potions of magic {unknown}
 m - a potion of cancellation {unknown}
 o - 2 potions of mutation {unknown}
 p - 3 potions of might {unknown}
 r - a potion of curing {unknown}
 t - a potion of experience {unknown}
 u - a potion of attraction {unknown}


   Skills:
 - Level 2.4 Fighting
 - Level 2.4 Dodging
 + Level 9.6 Unarmed Combat


You had 6 spell levels left.
You didn't know any spells.
Your spell library was empty.

Dungeon Overview and Level Annotations

Branches:
Dungeon (5/15)             Temple (0/1) D:4           Sewer (visited)

Altars:
Ashenzari

Annotations:
D:5 Ijyb


Innate Abilities, Weirdness & Mutations

You are too large for most types of armour.
You have claws for hands.
Your natural rate of healing is unusually fast.
You are covered in fur. (AC +1)
You have tough skin. (AC +1)


Message History

The white imp attacks as it pursues you!
The white imp hits you. The white imp freezes you.
You open the door. The white imp gestures at you. The puff of frost misses you.
Blork the orc completely misses you.
Blork the orc attacks as he pursues you!
Blork the orc hits you with a +0 long sword!
There is an open door here.
Blork the orc curses loudly.
Blork the orc hits you with a +0 long sword!
You claw Blork the orc!
Blork the orc is heavily wounded.
Blork the orc hits you with a +0 long sword!
You scratch Blork the orc.
Blork the orc is heavily wounded.
Blork the orc hits you with a +0 long sword!
You scratch Blork the orc.
Blork the orc is severely wounded.
Blork the orc hits you with a +0 long sword!
* * * LOW HITPOINT WARNING * * *
The white imp puffs mist at you.
You closely miss Blork the orc.
Blork the orc is severely wounded.
Blork the orc hits you with a +0 long sword.
* * * LOW HITPOINT WARNING * * *
Blork the orc hits you with a +0 long sword!
* * * LOW HITPOINT WARNING * * *
You scratch Blork the orc. Your claw misses Blork the orc.
Blork the orc is severely wounded.
Blork the orc closely misses you.
You completely miss Blork the orc.
Blork the orc is severely wounded.
Blork the orc barely misses you.
You mangle Blork the orc!!
You kill Blork the orc!
Trog accepts your kill.
Trog appreciates your killing of a magic user.
The white imp gestures at you. The puff of frost hits you!
You die...

.#.......# ........#
.#.......# .......#
.###'###.# ......#
.##...##.#########.....#
..#..............#.....#
..#..†...........#.....#
..#..............#.....#
..#...#..........#...>.+
..#...#.........@)5....#
.##...#.....######g....#
.##...#................#
..#...####.............#
..#....'_#.............#
..#...####.............#
..#...#................#
.##..##................#
.##..##........#########


You could see Ijyb and a white imp.

Vanquished Creatures
  A black bear (D:5)
  The ghost of soul19 the Trooper, an amateur DsFi (D:3)
  An ogre (D:5)
  Blork the orc (D:5)
  6 kobold brigands
  A hound (D:4)
  A sleepcap (D:5)
  An iguana (D:5)
  4 gnolls (D:4)
  4 adders
  An ufetubus (D:5)
  2 dart slugs
  3 orcs
  8 bats
  10 endoplasms
  4 giant cockroaches
  11 goblins
  9 hobgoblins
  8 jackals
  2 quokkas
  10 ball pythons
  6 frilled lizards
  22 kobolds
  5 rats
122 creatures vanquished.

Notes
Turn   | Place    | Note
-------+----------+-------------------------------------------
     0 | D:1      | Darius099 the Troll Berserker began the quest for the Orb.
     0 | D:1      | Reached XP level 1. HP: 22/22 MP: 0/0
   212 | D:1      | Reached XP level 2. HP: 18/29 MP: 1/1
   784 | D:2      | Reached skill level 4 in Unarmed Combat
   816 | D:2      | Reached XP level 3. HP: 36/36 MP: 2/2
   933 | D:2      | Reached ** piety under Trog
  1220 | D:3      | Found a runed translucent gate.
  1220 | D:3      | Found a runed translucent gate.
  1226 | D:3      | Found a runed translucent gate.
  1240 | D:3      | Noticed soul19's ghost (amateur DsFi)
  1263 | D:3      | Reached XP level 4. HP: 43/44 MP: 3/3
  1272 | D:3      | Reached skill level 5 in Unarmed Combat
  1273 | D:3      | Noticed a kobold brigand
  1274 | D:3      | Noticed a kobold brigand
  1281 | D:3      | Killed a kobold brigand
  1282 | D:3      | Reached XP level 5. HP: 50/50 MP: 4/4
  1289 | D:3      | Reached skill level 6 in Unarmed Combat
  1292 | D:3      | HP: 2/50 [poisoned by a kobold brigand]
  2328 | D:3      | Killed soul19's ghost
  2329 | D:3      | Reached skill level 7 in Unarmed Combat
  2329 | D:3      | Reached XP level 6. HP: 57/59 MP: 5/5
  2509 | D:4      | Reached *** piety under Trog
  2618 | D:4      | Found a glowing drain.
  2643 | Sewer    | Entered a sewer
  2680 | Sewer    | Reached skill level 8 in Unarmed Combat
  2680 | Sewer    | Reached XP level 7. HP: 41/66 MP: 6/6
  2944 | D:4      | Found a staircase to the Ecumenical Temple.
  3059 | D:4      | Reached **** piety under Trog
  3308 | D:5      | Entered Level 5 of the Dungeon
  3341 | D:5      | Reached skill level 9 in Unarmed Combat
  3609 | D:5      | Found a broken altar of Ashenzari.
  3645 | D:5      | Noticed Ijyb
  3647 | D:5      | Noticed Blork the orc
  3647 | D:5      | Paralysed by Ijyb for 3 turns
  3659 | D:5      | HP: 3/66 [Blork the orc/+0 long sword (9)]
  3662 | D:5      | Killed Blork the orc
  3662 | D:5      | Killed from afar by a white imp

Illustrated notes

Levels and vault maps discovered:
D:1:      dpeg_arrival_concentric_ovals, layout_basic
D:2:      layout_rooms
D:3:      cheibrodos_thug_alley, layout_loops_corners, gammafunk_ghost_split,
          chequers_big_river, palyth_stone_intersect
D:4:      layout_loops_ring, temple_fountains, cheibrodos_sewer_entry_drain
D:5:      layout_gridville, ashenzari_conservatory_becter, abandoned_shop,
          uniq_blork_the_orc, uniq_ijyb

Skill      XL: |  1  2  3  4  5  6  7 |
---------------+----------------------+-----
Unarmed Combat | 4 5 7 8 9 |  9.6
Fighting       | |  2.4
Dodging        | |  2.4

Action                     |  1- 3 |  4- 6 |  7- 9 || total
---------------------------+-------+-------+-------++-------
  Melee: Unarmed           |    94 |   103 |    91 ||   288
         Punch             |       |     3 |     4 ||     7
    Use: Potion            |       |     1 |       ||     1
   Stab: Sleeping          |       |     1 |       ||     1
 Armour: Animal skin       |    74 |       |       ||    74
         Robe              |     4 |    81 |    67 ||   152
  Dodge: Dodged            |    52 |    56 |    62 ||   170

Table legend: (Time is in decaauts)
 A = Elapsed time spent in this place.
 B = Non-inter-level travel time spent in this place.
 C = Inter-level travel time spent in this place.
 D = Time resting spent in this place.
 E = Time spent auto-exploring this place.
 F = Levels seen in this place.
 G = Mean time per level.
                   A        B        C        D        E       F      G
               +--------+--------+--------+--------+--------+-----+--------+
         Total |   3624 |   3557 |     67 |     84 |   1916 |   6 |  604.0 |
       Dungeon |   3351 |   3284 |     67 |     75 |   1863 |   5 |  670.2 |
         Sewer |    273 |    273 |      0 |      9 |     53 |   1 |  273.0 |
               +--------+--------+--------+--------+--------+-----+--------+

Top non-repeatable levels by time:
     D:3: 1170 daAuts
     D:1: 744 daAuts
     D:4: 649 daAuts
     D:2: 437 daAuts
     D:5: 349 daAuts
   Sewer: 273 daAuts
